 Dungeon Crawl Stone Soup version 0.29-a0-371-g91724d5b39 (webtiles) character file.

Game seed: 4557271976457000620

1152 Bruhh the Ogre Mage (level 8, -1/67 HPs)
             Began as an Ogre Earth Elementalist on May 3, 2022.
             Was a Follower of Sif Muna.
             Slain by an ogre
             ... wielding a +0 giant club
              (28 damage)
             ... on level 5 of the Dungeon.
             The game lasted 00:11:11 (5497 turns).

Bruhh the Ogre Mage (Ogre Earth Elementalist)       Turns: 5497, Time: 00:11:14

Health: -1/67      AC:  3    Str: 13    XL:     8   Next: 38%
Magic:  6/17       EV:  9    Int: 18    God:    Sif Muna [*.....]
Gold:   269        SH:  0    Dex:  9    Spells: 15/19 levels left

rFire   . . .      SeeInvis .   k - +1 mace (pain)
rCold   . . .      Faith    .   (no shield)
rNeg    . . .      Spirit   .   b - +0 robe
rPois   .          Reflect  .   (helmet restricted)
rElec   .          Harm     .   (no cloak)
rCorr   .          Rampage  .   (gloves unavailable)
Will    .....                   (boots unavailable)
Stlth   +.........              (no amulet)
HPRegen 0.21/turn               (no ring)
MPRegen 0.15/turn               (no ring)

@: very slightly contaminated
A: large, unfitting armour, tough skin 1
a: Renounce Religion, Channel Magic


You were on level 5 of the Dungeon.
You worshipped Sif Muna.
Sif Muna was aware of your devotion.
You visited 2 branches of the dungeon, and saw 6 of its levels.

You collected 269 gold pieces.

Inventory:

Hand Weapons
 k - a +1 mace of pain (weapon)
Missiles
 v - 2 atropa-tipped darts
Armour
 b - a +0 robe (worn)
Jewellery
 g - a ring of positive energy
Wands
 r - a wand of mindburst (21)
Scrolls
 d - 5 scrolls of identify {unknown}
 f - a scroll of enchant weapon {unknown}
 i - 2 scrolls of fear {unknown}
 n - 2 scrolls of magic mapping {unknown}
 p - 2 scrolls of amnesia {unknown}
 q - 2 scrolls of vulnerability {unknown}
 t - a scroll of enchant armour {unknown}
 u - a scroll of immolation {unknown}
 x - a scroll of noise {unknown}
 y - a scroll of holy word {unknown}
 z - a scroll of teleportation {unknown}
Potions
 c - 2 potions of magic
 e - 4 potions of heal wounds {unknown}
 h - a potion of resistance {unknown}
 j - a potion of lignification {unknown}
 l - 2 potions of haste {unknown}
 m - 3 potions of curing {unknown}
 o - 2 potions of degeneration {unknown}
 s - a potion of flight {unknown}
 w - 2 potions of brilliance {unknown}


   Skills:
 - Level 1.7 Dodging
 - Level 1.4 Stealth
 - Level 6.0 Spellcasting
 + Level 5.2 Conjurations
 - Level 0.8 Transmutations
 - Level 6.0 Earth Magic


You had 15 spell levels left.
You knew the following spells:

 Your Spells              Type           Power      Damage    Failure   Level
a - Sandblast             Erth           54%        2d13      1%          1
b - Stone Arrow           Conj/Erth      50%        3d10      3%          3

Your spell library contained the following spells:

 Spells                   Type           Power      Damage    Failure   Level
 Shock                    Conj/Air       56%        1d6       4%          1
 Passwall                 Tmut/Erth      14%        N/A       4%          2
 Animate Skeleton         Necr           10%        N/A       12%         1
 Apportation              Tloc           10%        N/A       12%         1
 Summon Small Mammal      Summ           20%        N/A       12%         1
 Ensorcelled Hibernation  Hex/Ice        10%        N/A       19%         2
 Petrify                  Tmut/Erth      17%        N/A       28%         4
 Swiftness                Air            5%         N/A       34%         3
 Airstrike                Air            2%         N/A       75%         4
 Malign Gateway           Summ/Tloc      2%         N/A       100%        7
 Summon Horrible Things   Summ           2%         N/A       100%        8


Dungeon Overview and Level Annotations

Branches:
Dungeon (5/15)             Temple (1/1) D:4

Altars:
Cheibriados
Dithmenos
Elyvilon
Fedhas
Hepliaklqana
Makhleb
Nemelex Xobeh
Okawaru
Ru
Sif Muna
Uskayaw
Vehumet
Xom
Yredelemnul
Zin
The Shining One

Shops:
D:4 *


Innate Abilities, Weirdness & Mutations

You are too large for most types of armour.
You have tough skin. (AC +1)


Message History

Sif Muna accepts your kill.
Your Conjurations skill increases to level 5!
You can't see any susceptible monsters within range! (Use Z to cast anyway.)
You can't see any susceptible monsters within range! (Use Z to cast anyway.)
Found 4 poisoned darts.
Found a stone staircase leading down.
Found a stone staircase leading up.
You now have 261 gold pieces (gained 8).
You now have 269 gold pieces (gained 8).
n - 2 scrolls labelled WOKOIM WEUNAFF (gained 1)
An ogre comes into view. It is wielding a +0 giant club.
An ogre is nearby!
An ogre is nearby!
An ogre is nearby!
An ogre is nearby!
Found a silvery potion and a bubbling orange potion.
You miscast Stone Arrow.
You are very lightly contaminated with residual magic.
Nothing appears to happen.
The ogre hits you with a +0 giant club!!
The stone arrow misses the ogre.
The ogre hits you with a +0 giant club!!
You are too injured to fight recklessly!
You are too injured to fight recklessly!
Casting: Stone Arrow (dangerous; 3% risk of failure)
Confirm with . or Enter, or press ? or * to list all spells.
Aiming: Stone Arrow (dangerous; 3% risk of failure)
Press: ? - help, Shift-Dir - straight line, f/p - ogre
Aim: an ogre, wielding a +0 giant club (86% to hit)
The stone arrow hits the ogre!
The ogre is heavily wounded.
Casting: Stone Arrow (dangerous; 3% risk of failure)
Confirm with . or Enter, or press ? or * to list all spells.
Aiming: Stone Arrow (dangerous; 3% risk of failure)
Press: ? - help, Shift-Dir - straight line, f/p - ogre
Aim: an ogre, wielding a +0 giant club (heavily wounded, 86% to hit)
The stone arrow hits the ogre!
The ogre is almost dead.
The ogre hits you with a +0 giant club!!
You die...

###....>....#.........
##.....................
#............#.........
#......<.....#......... .
#..##..................
....##.##..####..#.........
.............#.#..##........
#..##....#......#..# ..###..
##..##.@.......##.##....
.......!O......#........
#......###..........###...
#...... #.......!.....)...
##......#...........#.....
####. #.!.........#.###. #
...........#....#.
....#.......#......
#....#......[.......


You could see an ogre.

Vanquished Creatures
  A black bear (D:4)
  2 ice beasts (D:5)
  An ogre (D:4)
  A phantom (D:5)
  A necrophage (D:4)
  3 scorpions
  4 hounds (D:5)
  3 jellies
  An orc wizard (D:3)
  Robin (D:4)
  3 gnolls (D:5)
  6 adders
  A river rat (D:4)
  A shadow imp (D:5)
  2 white imps
  3 ufetubi (D:4)
  4 worms
  2 dart slugs (D:1)
  5 orcs (D:5)
  4 endoplasms
  6 giant cockroaches
  14 goblins
  8 hobgoblins
  4 jackals (D:2)
  7 kobolds
  3 quokkas
  5 ball pythons
  3 bats
  2 frilled lizards
  2 goblin skeletons (D:3)
  2 hobgoblin zombies (D:3)
  A kobold zombie (D:3)
  3 orc skeletons (D:3)
  An orc zombie (D:3)
  6 rats
  A spectral orc (D:4)
117 creatures vanquished.

Vanquished Creatures (others)
  A plant (D:4)
1 creature vanquished.

Grand Total: 118 creatures vanquished

Notes
Turn   | Place    | Note
-------+----------+-------------------------------------------
     0 | D:1      | Bruhh the Ogre Earth Elementalist began the quest for the
                  | Orb.
     0 | D:1      | Reached XP level 1. HP: 16/16 MP: 3/3
   122 | D:1      | Reached XP level 2. HP: 24/24 MP: 2/5
   607 | D:1      | Reached XP level 3. HP: 31/31 MP: 5/7
  1315 | D:2      | Reached XP level 4. HP: 39/39 MP: 7/9
  1334 | D:2      | Found a faded altar of an unknown god.
  2013 | D:3      | Found a glowing golden altar of the Shining One.
  2018 | D:3      | Reached XP level 5. HP: 38/45 MP: 9/11
  2243 | D:3      | Found a sacrificial altar of Ru.
  2865 | D:4      | Found a staircase to the Ecumenical Temple.
  2917 | Temple   | Entered the Ecumenical Temple
  3157 | Temple   | Became a worshipper of Sif Muna the Loreminder
  3206 | D:4      | Noticed a black bear
  3207 | D:4      | Noticed Robin
  3220 | D:4      | Killed a black bear
  3221 | D:4      | Reached skill level 5 in Spellcasting
  3221 | D:4      | Reached XP level 6. HP: 10/53 MP: 5/13
  3224 | D:3      | HP: 2/53 [goblin/+0 club[Robin] (3)]
  3574 | D:4      | Reached skill level 5 in Earth Magic
  3685 | D:4      | Killed Robin
  3909 | D:4      | Reached XP level 7. HP: 59/59 MP: 10/16
  4057 | D:4      | Learned a level 3 spell: Stone Arrow
  4163 | D:4      | Found a basalt altar of Yredelemnul.
  4413 | D:4      | Found Pacluub's Gadget Gallery.
  4534 | D:5      | Entered Level 5 of the Dungeon
  4557 | D:5      | Reached skill level 1 in Conjurations
  4768 | D:5      | Reached * piety under Sif Muna
  4888 | D:5      | Reached XP level 8. HP: 67/67 MP: 7/17
  5362 | D:5      | Reached skill level 5 in Conjurations
  5497 | D:5      | Slain by an ogre

Illustrated notes

Levels and vault maps discovered:
D:1:      scummos_arrival_forest, layout_basic, minmay_misc_feat_encased
D:2:      layout_rooms, hellmonk_ecumenical_altar_dog_temple,
          minmay_tree_intersection
D:3:      layout_basic, nicolae_tso_besieged_by_evil,
          nicolae_ru_great_annihilating_truth
D:4:      kennysheep_six_static_rooms, layout_basic,
          yredelemnul_forgotten_temple_becter,
          minmay_temple_entry_gardened_gates, gup_sewer_entry_bowl,
          nicolae_ossuary_entry_false_entrances, nicolae_shop_gadgets,
          uniq_robin
D:5:      layout_cave_pools
Temple:   nicolae_temple_figure_eight

Skill      XL: |  1  2  3  4  5  6  7  8 |
---------------+-------------------------+-----
Earth Magic    | 3 4 5 6 |  6.0
Spellcasting   | 3 4 5 6 |  6.0
Conjurations   | 3 5 |  5.2
Dodging        | |  1.7
Stealth        | |  1.4
Transmutations | |  0.8

Action                   |  1- 3 |  4- 6 |  7- 9 || total
-------------------------+-------+-------+-------++-------
Melee: Mace              |    22 |    38 |       ||    60
Throw: Stone             |       |       |     6 ||     6
 Cast: Sandblast         |    39 |    70 |    39 ||   148
       Stone Arrow       |       |       |    21 ||    21
 Stab: Sleeping          |     1 |       |       ||     1
Armor: Robe              |    12 |    33 |     9 ||    54
Dodge: Dodged            |    20 |    42 |     7 ||    69

Table legend: (Time is in decaauts)
 A = Elapsed time spent in this place.
 B = Non-inter-level travel time spent in this place.
 C = Inter-level travel time spent in this place.
 D = Time resting spent in this place.
 E = Time spent auto-exploring this place.
 F = Levels seen in this place.
 G = Mean time per level.
                   A        B        C        D        E       F      G
               +--------+--------+--------+--------+--------+-----+--------+
         Total |   5529 |   5408 |    121 |      0 |   4674 |   6 |  921.5 |
       Dungeon |   5252 |   5131 |    121 |      0 |   4473 |   5 | 1050.4 |
        Temple |    276 |    276 |      0 |      0 |    201 |   1 |  276.0 |
               +--------+--------+--------+--------+--------+-----+--------+

Top non-repeatable levels by time:
     D:4: 1192 daAuts
     D:3: 1160 daAuts
     D:2: 1002 daAuts
     D:5: 963 daAuts
     D:1: 934 daAuts
  Temple: 276 daAuts
